 Zot Defence DCSS version 0.15.2 (webtiles) character file.

383 jerryfan the Skirmisher (level 6, -1/68 HPs)
             Began as an Ogre Berserker on May 23, 2018.
             Was a Believer of Trog.
             Slain by a warg (3 damage)
             ... in the Realm of Zot (Scenario V: Glassed Sandwich).
             The game lasted 00:07:07 (658 turns).

jerryfan the Skirmisher (Ogre Berserker)             Turns: 658, Time: 00:07:07

HP  -1/68        AC  3     Str 25      XL: 6   Next: 76%
MP   6/6         EV 11     Int  6      God: Trog [**....]
Gold 0           SH  0     Dex  9      Spells:  0 memorised,  5 levels left

rFire  . . .     SeeInvis .     e - +0 flail (crush)
rCold  . . .     Clarity  .     b - +0 animal skin
rNeg   . . .     rCorr    .     (shield restricted)
rPois  .         rRot     .     (helmet restricted)
rElec  .         Spirit   .     (no cloak)
SustAb .         Warding  .     (gloves unavailable)
rMut   .         Stasis   .     (boots unavailable)
Gourm  .                        (no amulet)
MR     .....                    (no ring)
                                (no ring)

@: exhausted, slowed, very slow, not resistant to hostile enchantments, very
unstealthy
A: unfitting armour, tough skin 1
a: Make oklob sapling, Make arrow trap, Make plant, Remove Curse, Make burning
bush, Make altar, Make grenades, Burn Spellbooks, Berserk, Trog's Hand, Renounce
Religion


You were in the Realm of Zot.
You worshipped Trog.
Trog was pleased with you.
You were not hungry.

You visited 1 branch

Inventory:

Hand weapons
 a - a +0 mace
 e - a +0 flail of crushing (weapon)
Missiles
 j - 4 stones (quivered)
Armour
 b - a +0 animal skin (worn)
Comestibles
 d - a meat ration
Scrolls
 i - a scroll of blinking
Potions
 c - 2 potions of curing
 g - 2 potions of magic


   Skills:
 + Level 6.4 Fighting
 + Level 6.2 Maces & Flails
 + Level 4.8 Dodging


You had 5 spell levels left.
You didn't know any spells.

Dungeon Overview and Level Annotations

Branches:
    Zot (1/1)

Altars:


Innate Abilities, Weirdness & Mutations

You are too large for most types of armour.
You have tough skin (AC +1).


Message History

Are you sure you want to leave the Orb unguarded?
Okay, then.
You hit the warg but do no damage. The warg barely misses you.
Straes bites your oklob sapling. The warg closely misses you.
Straes breathes flames at your oklob sapling.
The blast of flame hits your oklob sapling.
You hit the warg but do no damage. Straes bites your oklob sapling.
The warg bites you!
* * * LOW HITPOINT WARNING * * *
Your oklob sapling spits acid at Straes.
The splash of acid hits Straes.
Straes breathes flames at your oklob sapling.
The blast of flame hits your oklob sapling.
Your oklob sapling is destroyed!
The warg bites you!
* * * LOW HITPOINT WARNING * * *
You hit the warg.
The warg is lightly wounded.
The warg bites you.
You die...

▓▓▓▓▓▓▓▓▓▓▓▓▓▓▓▓▓▓▓▓▓▓▓▓▓▓▓▓▓▓▓▓▓
.................................
..............▓▓^▓▓..............
.............▓▓...▓▓.............
............▓▓.....▓▓............
...........▓▓P..)...▓▓...........
..........▓▓.........▓▓..........
▓▓▓▓▓▓▓▓▓▓▓.....).%...▓▓▓▓▓▓▓▓▓▓▓
∆∆∆:$?!▓▓▓▓▓▓▓▓.@%▓▓▓▓▓▓▓▓▓$)?∆∆∆
▓▓▓▓▓▓▓▓▓▓▓....)h%h...▓▓▓▓▓▓▓▓▓▓▓
..........▓▓.........▓▓..........
...........▓▓.......▓▓...........
............▓▓.....▓▓............
.............▓▓...▓▓.............
..............▓▓^▓▓..............
.................................
▓▓▓▓▓▓▓▓▓▓▓▓▓▓▓▓▓▓▓▓▓▓▓▓▓▓▓▓▓▓▓▓▓


You could see a warg, Straes the hell hound and a friendly oklob sapling.

Vanquished Creatures
  A warg (Zot)
  2 worms (Zot)
  4 oozes (Zot)
  A ball python (Zot)
  3 goblins (Zot)
  A hobgoblin (Zot)
  7 bats (Zot)
  4 giant cockroaches (Zot)
  5 jackals (Zot)
  3 kobolds (Zot)
  11 rats (Zot)
42 creatures vanquished.

Vanquished Creatures (collateral kills)
  A gnoll shaman (Zot)
  2 gnolls (Zot)
  A ball python (Zot)
  2 goblins (Zot)
  A hobgoblin (Zot)
  7 jackals (Zot)
  2 kobolds (Zot)
  A bat (Zot)
  3 rats (Zot)
20 creatures vanquished.

Vanquished Creatures (others)
  An oklob sapling (Zot)
  3 goblins (Zot)
  A ball python (Zot)
  6 rats (Zot)
11 creatures vanquished.

Grand Total: 73 creatures vanquished

Notes
Turn   | Place    | Note
--------------------------------------------------------------
     0 | Zot      | jerryfan, the Ogre Berserker, began the quest for the Orb.
     0 | Zot      | Reached XP level 1. HP: 24/24 MP: 1/1
   233 | Zot      | Reached XP level 2. HP: 28/32 MP: 2/2
   264 | Zot      | Reached XP level 3. HP: 31/40 MP: 3/3
   301 | Zot      | Reached XP level 4. HP: 17/49 MP: 4/4
   302 | Zot      | Reached skill level 5 in Fighting
   310 | Zot      | Acquired Trog's second power
   337 | Zot      | Reached skill level 5 in Maces & Flails
   470 | Zot      | Reached XP level 5. HP: 18/57 MP: 5/5
   616 | Zot      | Noticed a warg
   625 | Zot      | Killed a warg
   625 | Zot      | Reached skill level 6 in Fighting
   625 | Zot      | Reached XP level 6. HP: 38/67 MP: 6/6
   642 | Zot      | Noticed Straes
   649 | Zot      | Noticed a warg
   657 | Zot      | HP: 2/68 [warg (8)]
   658 | Zot      | Slain by a warg

Action                   |  1- 3 |  4- 6 || total
-------------------------+-------+-------++-------
Melee: Mace              |    50 |    52 ||   102
       Flail             |       |    19 ||    19
Invok: Berserk           |       |     1 ||     1
 Abil: Make oklob saplin |     1 |     1 ||     2
       Make arrow trap   |     1 |     1 ||     2
  Use: Potion            |     3 |     1 ||     4
 Stab: Distracted        |       |     1 ||     1
